 Dungeon Crawl Stone Soup version 0.25.0-9-g26727b657a (webtiles) character file.

Game seed: 2013778974937183019

1654 DeadF the Covert (level 8, -4/31 HPs)
             Began as a Felid Enchanter on June 18, 2020.
             Slain by a wraith (6 damage)
             ... on level 10 of the Dungeon on June 21, 2020.
             The game lasted 01:10:58 (20007 turns).

DeadF the Covert (Felid Enchanter)                 Turns: 20007, Time: 01:10:59

Health: -4/31      AC:  2    Str:  4    XL:     8   Next: 68%
Magic:  1/18       EV: 27    Int: 22    God:
Gold:   386        SH:  0    Dex: 21    Spells: 1/19 levels left
                                        Lives:  0   Deaths: 2

rFire    . . .     SeeInvis +     - Unarmed
rCold    . . .     Gourm    .   (shield unavailable)
rNeg     . . .     Faith    .   (armour unavailable)
rPois    .         Spirit   .   (helmet unavailable)
rElec    .         Reflect  .   (cloak unavailable)
rCorr    .         Harm     .   (gloves unavailable)
MR       +....                  (boots unavailable)
Stlth    +++++++...             (no amulet)
HPRegen  0.10/turn              o - ring of stealth
MPRegen  0.16/turn              q - +6 ring of intelligence

@: quick
A: very small, no armour, no weapons or thrown items, stealth, claws 1, fangs 3,
see invisible, carnivore, speed 1, shaggy fur 2, slow metabolism 1, sharp paws
a: no special abilities


You were on level 10 of the Dungeon.
You were not hungry.

You visited 1 branch of the dungeon, and saw 11 of its levels.

You collected 386 gold pieces.

Inventory:

Jewellery
 o - a ring of stealth (left paw)
 q - a +6 ring of intelligence (right paw)
 y - an uncursed ring of poison resistance {unknown}
 z - the ring "Guguhon" {rElec rC+ rN+ Str-2, unknown}
   (You found it on level 10 of the Dungeon)

   [ring of positive energy]

   It affects your strength (-2).
   It protects you from cold.
   It insulates you from electricity.
   It protects you from negative energy.
Wands
 d - a wand of enslavement (21)
Scrolls
 c - 6 scrolls of remove curse {unknown}
 f - 4 scrolls of teleportation
 i - 4 scrolls of identify
 k - a scroll of amnesia
 m - a scroll of fog {unknown}
 n - a scroll of immolation {unknown}
 p - a scroll of vulnerability {unknown}
 s - a scroll of fear {unknown}
Potions
 a - a potion of ambrosia
 e - 3 potions of invisibility
 g - a potion of berserk rage {unknown}
 h - a potion of heal wounds
 j - 2 potions of flight
 l - 2 potions of stabbing
 r - 2 potions of degeneration {unknown}
 t - 2 potions of curing
 u - 2 potions of haste {unknown}
 v - a potion of mutation {unknown}
 w - 2 potions of magic {unknown}
 x - a potion of brilliance {unknown}
Comestibles
 b - 19 rations


   Skills:
 - Level 0.9 Fighting
 + Level 10.0 Dodging
 - Level 11.9 Stealth
 + Level 6.4 Unarmed Combat
 + Level 6.0 Spellcasting
 - Level 10.1 Hexes
 - Level 3.8 Ice Magic


You had one spell level left.
You knew the following spells:

 Your Spells              Type           Power        Failure   Level  Hunger
a - Corona                Hex            ######.      1%          1    None
b - Ensorcelled Hibernat  Hex/Ice        #####.       1%          2    None
c - Confusing Touch       Hex            ######..     1%          3    #......
d - Invisibility          Hex            ######..     22%         6    ######.
e - Darkness              Hex            ######....   22%         6    ######.

Your spell library contained the following spells:

 Spells                   Type           Power        Failure   Level  Hunger
 Tukima's Dance           Hex            ######..     1%          3    #......
 Dazzling Flash           Conj/Hex       ####..       3%          3    #......
 Passwall                 Tmut/Erth      #.......     14%         2    None
 Swiftness                Chrm/Air       #.......     14%         2    None
 Passage of Golubria      Tloc           N/A          65%         4    ###....
 Lee's Rapid Deconstruct  Erth           #.........   94%         5    #####..


Dungeon Overview and Level Annotations

Branches:
Dungeon (11/15)            Temple (0/1) D:4
   Lair: D:8-11         Orc: D:9-12

Altars:
Xom

Shops:
D:8 }

Annotations:
D:5 Eustachio


Innate Abilities, Weirdness & Mutations

You cannot wear armour.
You are incapable of wielding weapons or throwing items.
Your paws allow you to move quietly. (Stealth)
You have sharp claws.
You have razor-sharp teeth.
You have supernaturally acute eyesight. (SInv)
You are carnivorous and can eat meat at any time.
You cover ground quickly.
You are covered in thick fur. (AC +2)
You have a slow metabolism.
Your sharp claws are effective at attacking unaware monsters.


Message History

You feel your power leaking away.
You scratch the iguana but do no damage.
You bite the iguana.
The iguana is almost dead.
The wraith closely misses you. The iguana completely misses you.
You scratch the iguana.
You kill the iguana!
The wraith completely misses you. The eye of draining gazes at you.
You scratch the eye of draining.
The eye of draining is lightly wounded.
The wraith closely misses you.
You scratch the eye of draining.
You claw the eye of draining, but do no damage.
The eye of draining is lightly wounded.
The wraith completely misses you.
You scratch the eye of draining.
The eye of draining is lightly wounded.
The wraith hits you.
You die...

#...........
#####...........
................
...............
#..####..####.. #..#
#..# #.. # #..# #..# #..
###..#####..####..####..
.......@G...........)...
........W...............
####..#####..#######..##
#.. #..# #..# #. #..#
#..# #. #..# #..# # #..#
#..# #### ####


You could see an eye of draining and a wraith.

Vanquished Creatures
  Harold (D:7)
  Pikel (D:5)
  A kobold demonologist (D:7)
  A troll (D:9)
  Sigmund (D:3)
  A spriggan (D:9)
  A water moccasin (D:10)
  4 ice beasts
  A phantom (D:6)
  2 sky beasts
  4 slaves (D:5)
  4 ogres
  4 orc warriors
  A necrophage (D:7)
  2 centaurs
  A big kobold (D:7)
  4 bullfrogs
  3 scorpions
  10 killer bees
  6 howler monkeys
  4 crimson imps
  A quasit (D:6)
  3 centaur zombies
  A bullfrog skeleton (D:5)
  3 hounds
  5 orc priests
  7 orc wizards
  A centaur skeleton (D:9)
  Jessica (D:2)
  6 iguanas
  8 worker ants
  Natasha (twice) (D:3)
  2 hound skeletons
  A hound zombie (D:5)
  A worker ant zombie (D:8)
  12 gnolls
  4 adders
  2 shadow imps
  2 oozes
  2 worms
  2 dart slugs (D:4)
  6 leopard geckos
  23 orcs
  7 ball pythons (D:3)
  6 giant cockroaches
  9 goblins
  10 hobgoblins
  3 jackals
  8 kobolds
  3 quokkas
  7 bats
  6 frilled lizards
  A jackal zombie (D:6)
  A quokka skeleton (D:5)
  7 rats
220 creatures vanquished.

Vanquished Creatures (others)
  A kobold demonologist (D:7)
  A black bear (D:7)
  A centaur (D:7)
  A hound (D:7)
  A kobold (D:7)
5 creatures vanquished.

Grand Total: 225 creatures vanquished

Notes
Turn   | Place    | Note
-------+----------+-------------------------------------------
     0 | D:1      | DeadF the Felid Enchanter began the quest for the Orb.
     0 | D:1      | Reached XP level 1. HP: 7/7 MP: 4/4
   948 | D:1      | Reached XP level 2. HP: 11/11 MP: 3/6
   952 | D:1      | Learned a level 2 spell: Ensorcelled Hibernation
  1322 | D:1      | Reached skill level 5 in Stealth
  2193 | D:1      | Reached XP level 3. HP: 14/14 MP: 7/7
  2706 | D:2      | Reached skill level 6 in Stealth
  3368 | D:2      | Reached XP level 4. HP: 18/18 MP: 3/8
  3753 | D:2      | Learned a level 3 spell: Confusing Touch
  4231 | D:2      | Noticed a bullfrog
  4279 | D:3      | Noticed Natasha
  4291 | D:2      | Killed a bullfrog
  4291 | D:2      | Reached skill level 5 in Dodging
  4291 | D:2      | Reached skill level 7 in Stealth
  4291 | D:2      | Reached XP level 5. HP: 9/21 MP: 3/9
  4575 | D:2      | Noticed Jessica
  4585 | D:2      | Killed Jessica
  5306 | D:3      | Noticed Sigmund
  5563 | D:3      | Killed Natasha
  6079 | D:3      | Gained mutation: You are covered in thick fur. (AC +2)
                  | [Felid growth]
  6079 | D:3      | Reached XP level 6. HP: 24/24 MP: 3/10
  6140 | D:3      | Noticed Natasha
  6263 | D:3      | Killed Natasha
  6779 | D:3      | Reached skill level 8 in Stealth
  6950 | D:3      | Reached skill level 1 in Ice Magic
  7397 | D:3      | Killed Sigmund
  7397 | D:3      | Reached skill level 5 in Hexes
  7397 | D:3      | Reached XP level 7. HP: 27/27 MP: 11/11
  7724 | D:4      | Found a staircase to the Ecumenical Temple.
  8457 | D:5      | Entered Level 5 of the Dungeon
  8588 | D:4      | HP: 1/27 [gnoll/+0 halberd (14)]
  9121 | D:5      | Reached skill level 9 in Stealth
  9204 | D:5      | Noticed Pikel
  9738 | D:5      | HP: 1/27 [slave[Pikel] (1)]
  9762 | D:5      | Reached XP level 8. HP: 3/31 MP: 10/13
 10149 | D:5      | Noticed Eustachio
 10181 | D:5      | Killed Pikel
 10365 | D:6      | Reached skill level 10 in Stealth
 10690 | D:6      | Reached XP level 9. HP: 16/34 MP: 11/16
 11419 | D:7      | Noticed a kobold demonologist
 11424 | D:7      | Noticed an orange demon
 11552 | D:7      | Noticed Harold
 11557 | D:7      | Killed Harold
 11557 | D:7      | Reached skill level 11 in Stealth
 11807 | D:7      | Reached skill level 5 in Spellcasting
 12199 | D:7      | Noticed a kobold demonologist
 12298 | D:7      | Found a shimmering altar of Xom.
 12423 | D:7      | Killed a kobold demonologist
 12534 | D:7      | Noticed a smoke demon
 12885 | D:7      | Killed a kobold demonologist
 13368 | D:7      | Reached XP level 10. HP: 38/38 MP: 18/18
 13545 | D:8      | Found Qekunime's Gadget Emporium.
 14574 | D:8      | Learned a level 6 spell: Invisibility
 14581 | D:8      | Learned a level 6 spell: Darkness
 14964 | D:9      | Reached skill level 5 in Unarmed Combat
 15320 | D:9      | Reached skill level 10 in Dodging
 16242 | D:9      | Found a shimmering altar of Xom.
 16502 | D:10     | Entered Level 10 of the Dungeon
 16516 | D:10     | Noticed a gargoyle
 16714 | D:10     | Reached skill level 10 in Hexes
 16817 | D:10     | Got a scorched turquoise ring
 16827 | D:10     | Killed from afar by an orc priest
 16828 | D:10     | Reached XP level 9. HP: -4/34 MP: 17/19
 19626 | D:9      | Paralysed by fainting for 9 turns
 19743 | D:9      | Paralysed by fainting for 7 turns
 19757 | D:9      | Paralysed by fainting for 9 turns
 19767 | D:9      | Paralysed by fainting for 7 turns
 19973 | D:10     | HP: 1/34 [ice beast (3)]
 19973 | D:10     | Mangled by an ice beast
 19974 | D:10     | Reached XP level 8. HP: -9/31 MP: 18/18
 19998 | D:10     | HP: 1/31 [iguana (10)]
 20007 | D:10     | Slain by a wraith

Illustrated notes

Levels and vault maps discovered:
D:1:      dpeg_cavernosity, layout_basic, minivault_11, kennysheep_crisscross,
          kennysheep_nondescript, serial_park_tiny_1, item_on_display_a
D:2:      layout_basic, first_ration, grunt_ministairs_5, uniq_jessica
D:3:      layout_loops_ring, saegor_snake_ambush, uniq_sigmund, uniq_natasha
D:4:      layout_loops_ring, minmay_temple_entry_steel_oval
D:5:      layout_rooms, nrook_loot_triangle, kennysheep_potato, uniq_eustachio,
          uniq_pikel
D:6:      layout_basic
D:7:      layout_loops_corners, xom_confusion_cloud, uniq_harold
D:8:      layout_loops_ring, serial_shops, shop
D:9:      layout_long_grid, basic_altar, the_bakery,
          hangedman_abyss_or_decor_clamps
D:10:     layout_small_grid, hiddenorc1_lemuel, uniq_gastronok
D:11:     layout_roguey [special_room_kobold], lair_entry_dummy

Skill      XL: |  1  2  3  4  5  6  7  8  9 10 |
---------------+-------------------------------+-----
Dodging        | 3 4 5 6 8 9 10 | 10.0
Stealth        | 5 6 7 8 9 10 11 | 11.9
Ice Magic      | 1 2 3 |  3.8
Unarmed Combat | 2 3 4 6 |  6.4
Hexes          | 5 7 8 10 | 10.1
Spellcasting   | 3 4 5 6 |  6.0
Fighting       | |  0.9

Action                   |  1- 3 |  4- 6 |  7- 9 | 10-12 || total
-------------------------+-------+-------+-------+-------++-------
Melee: Unarmed           |    76 |   123 |   190 |   150 ||   539
       Bite              |     2 |     9 |    16 |    10 ||    37
       Punch             |     1 |       |     4 |       ||     5
 Cast: Corona            |     8 |       |     2 |       ||    10
       Ensorcelled Hiber |    38 |    70 |    89 |    51 ||   248
       Confusing Touch   |       |     1 |    13 |     3 ||    17
Evoke: Wand              |       |     2 |       |       ||     2
  Use: Potion            |     3 |       |       |       ||     3
       Scroll            |     1 |     1 |     2 |     5 ||     9
 Stab: Sleeping          |    26 |    43 |    56 |    49 ||   174
       Confused          |       |     2 |     7 |     3 ||    12
       Distracted        |       |     1 |     1 |     1 ||     3
  Eat: Chunk             |     7 |    19 |    13 |     8 ||    47
       Ration            |       |     1 |     1 |       ||     2
Armor: Skin              |     7 |     4 |     7 |     6 ||    24
Dodge: Dodged            |    75 |   111 |   160 |   142 ||   488
